 Dungeon Crawl Stone Soup version 0.28-a0-1152-g9c71ebef14 (webtiles) character file.

Game seed: 5569823770725808373

11 spaghetti the Sneak (level 2, 0/21 HPs)
             Began as an Octopode Delver on Dec 14, 2021.
             Slain by a manticore (7 damage)
             ... on level 11 of the Dungeon.
             The game lasted 00:01:36 (1062 turns).

spaghetti the Sneak (Octopode Delver)               Turns: 1062, Time: 00:01:36

Health: 0/21       AC:  1    Str: 11    XL:     2   Next: 25%
Magic:  2/2        EV: 13    Int: 12    God:
Gold:   63         SH:  0    Dex: 13    Spells: 1/1 levels left

rFire   . . .      SeeInvis .   a - +0 hand axe {axe}
rCold   . . .      Faith    .   (no shield)
rNeg    . . .      Spirit   .   (helmet restricted)
rPois   .          Reflect  .   (no amulet)
rElec   .          Harm     .   (no ring)
rCorr   .          Rampage  .   (no ring)
Will    .....                   (no ring)
Stlth   ++++......              (no ring)
HPRegen 0.07/turn               (no ring)
MPRegen 0.08/turn               (no ring)
                                (no ring)
                                (no ring)

@: no status effects
A: almost no armour, amphibious, 8 rings, camouflage 1, gelatinous body 1,
(nimble swimmer 1), tentacles
a: no special abilities


You were on level 11 of the Dungeon.
You visited 1 branch of the dungeon, and saw 6 of its levels.

You collected 63 gold pieces.


Innate Abilities, Weirdness & Mutations

You cannot wear most types of armour.
You are amphibious.
You can wear up to eight rings at the same time.
Your skin changes colour to match your surroundings (Stealth+).
Your rubbery body absorbs attacks. (AC +1, EV +1)
((You are camouflaged near water. (Stealth+)))
You have tentacles for arms and can constrict up to eight enemies at once.


   Skills:
 - Level 3.0 Fighting
 - Level 2.0 Axes
 - Level 2.0 Dodging
 + Level 7.3 Stealth


You had one spell level left.
You didn't know any spells.
Your spell library was empty.

Inventory:

Hand Weapons
 a - a +0 hand axe (weapon) {axe}
Missiles
 g - 56 stones (quivered) {throwing}
Wands
 d - a wand of mindburst (4)
   (You found it on level 10 of the Dungeon)
 f - a wand of digging (3)
Scrolls
 c - a scroll of magic mapping {!r}
Potions
 e - a potion of haste {@q3}

Dungeon Overview and Level Annotations

Branches:
Dungeon (11/15)
 Temple: D:4-7         Lair: D:8-11         Orc: D:9-12

Altars:

Annotations:
D:7 Menkaure
D:10 exclusion: acid dragon

......... #
....... . ..
...... .. ..
#.... ... .##.
##...# ....
.....#....#.....
#>.§§§§....#
#.§H@§....#
.....§§§§.......
.....§§§........
......).§.......
......#.........
#...#.##........
#...#. .........
... .. #........


You could see a manticore.


Message History

Unknown command.
A killer bee comes into view.
There are no items here.
You can't go down here!
Unknown command.
Unknown command.
Unknown command.
There is a stone staircase leading down here.
You climb downwards.
You hear the roar of battle.
There is an entrance to a bailey on this level.
Hurry and find it before the portal closes forever!
Level annotation: exclusion: acid dragon
There is a stone staircase leading up here.
You hear the faint creaking of a distant portcullis.
Found a stone staircase leading down.
Unknown command.
Found a stone staircase leading up.
You now have 28 gold pieces (gained 7).
Found a stone staircase leading up.
You now have 41 gold pieces (gained 13).
You now have 63 gold pieces (gained 22).
You hear the creaking of a very distant portcullis.
Key pressed, stopping explore.
Unknown command.
(D) Dungeon
Where to? (Enter - D:9, ? - help)
There is a stone staircase leading up here.
You climb upwards.
Found a forked ivory wand.
Found a stone staircase leading down.
There is a stone staircase leading down here.
There are monsters nearby!
Unknown command.
Unknown command.
Unknown command.
The orc shouts!
You hear a shout!
The two-headed ogre shouts in stereo!
The two-headed ogre misses you.
The two-headed ogre hits you with a +0 giant club!
Ouch! That really hurt!
* * * LOW HITPOINT WARNING * * *
You climb downwards.
You hear the roar of battle.
There is an entrance to a bailey on this level.
Hurry and find it before the portal closes forever!
Level annotation: exclusion: acid dragon
There is a stone staircase leading up here.
Unknown command. 😨 HP[-14]
You take 14 damage, and now have 7/21 hp.
MASSIVE DAMAGE!! (PAUSE)
There is a stone staircase leading down here. 😨 HP[+1]
You hear the creaking of a very distant portcullis.
You hear the steady creaking of a very distant portcullis.
You hear the steady creaking of a very distant portcullis.
You hear the steady creaking of a very distant portcullis.
Key pressed, stopping explore.
Unknown command. 😎 HP[+13]
Your hp is fully restored (21).
Unknown command.
Found a stone staircase leading down.
A vampire mosquito comes into view.
A vampire mosquito is nearby!
There is a stone staircase leading down here.
You climb downwards.
Found a flail.
Found a stone staircase leading down.
There is a stone staircase leading up here.
Unknown command.
Unknown command.
Unknown command.
A manticore is nearby!
The manticore flicks its tail.
The volley of spikes hits you!
The barbed spikes become lodged in your body.
Ouch! That really hurt!
* * * LOW HITPOINT WARNING * * *
😨 HP[-15]
You take 15 damage, and now have 6/21 hp.
MASSIVE DAMAGE!! (PAUSE)
Okay, then.
As you read the scroll of fog, it crumbles to dust.
The scroll dissolves into smoke.
Unknown command.
Unknown command.
Okay, then.
Aiming: Mindburst
Press: ? - help, Shift-Dir - straight line, f - manticore
Aim: a manticore (chance to affect: 48%)
The manticore's mind is blasted!!
Aiming: Mindburst
Press: ? - help, Shift-Dir - straight line, f/p - manticore
Aim: a manticore (blue smoke, moderately wounded, chance to affect: 48%)
The manticore's mind is blasted! 😨 HP[+1]
Aiming: Mindburst
Press: ? - help, Shift-Dir - straight line, f/p - manticore
Aim: a manticore (blue smoke, heavily wounded, chance to affect: 48%)
The manticore resists with some effort.
You carefully extract the barbed spikes from your body.
The manticore closely misses you. The manticore claws you!
You die...

Skill      XL: |  1 |
---------------+----+-----
Stealth        | 7 |  7.3
Fighting       | |  3.0
Axes           | |  2.0
Dodging        | |  2.0

Action                   || total
-------------------------++-------
Melee: Hand axe          ||     4
       Constrict         ||     2
       Tentacles         ||     1
Evoke: Wand              ||     3
  Use: Scroll            ||     2
       Potion            ||     1
Armor: Skin              ||     1
Dodge: Dodged            ||    10

Levels and vault maps discovered:
D:5:      layout_layer_cave
D:6:      layout_gridville, minmay_temple_entry_waves
D:7:      layout_cave_pools, serial_gnoll_camp, grums_kennel,
          gnoll_camp_huts_moat, gnoll_camp_mini_doghouse, gnoll_camp_mini_basic,
          uniq_menkaure
D:9:      layout_roguey, serial_ice, serial_ice_f, serial_ice_a, serial_ice_k,
          serial_ice_c, minmay_unpleasant_kobolds, uniq_joseph
D:10:     minmay_the_grid_triangle_9x9_rhombus_thin_mashed
          [minmay_the_grid_triangle_9x9_semitri,
          minmay_the_grid_triangle_9x9_prize_insulated,
          minmay_the_grid_triangle_9x9_swiss_cheese,
          minmay_the_grid_triangle_9x9_shrine], layout_loops_ring,
          nicolae_elyvilon_temple_path, enter_bailey_2
D:11:     layout_cave_pools, erik_lair_dragon,
          nicolae_concentric_dashed_squares_wild, uniq_sonja

Notes
Turn   | Place    | Note
-------+----------+-------------------------------------------
     0 | D:5      | spaghetti the Octopode Delver began the quest for the Orb.
     0 | D:5      | Reached XP level 1. HP: 16/16 MP: 1/1
     0 | D:5      | magus.rc [v1.9.6]
    14 | D:5      | Reached skill level 7 in Stealth
   358 | D:6      | Noticed a black bear
   358 | D:6      | Noticed an iguana
   374 | D:6      | Reached XP level 2. HP: 8/21 MP: 2/2
   383 | D:7      | Noticed a wolf
   385 | D:7      | Noticed Menkaure
   391 | D:7      | You fall into a shaft and drop 2 floors!
   560 | D:9      | Noticed a wraith
   563 | D:10     | Entered Level 10 of the Dungeon
   646 | D:10     | Noticed an acid dragon
   750 | D:9      | Noticed a killer bee
   843 | D:9      | Noticed a wolf
   843 | D:9      | Noticed a two-headed ogre
   843 | D:9      | Noticed an orc warrior
  1049 | D:10     | Noticed a vampire mosquito
  1057 | D:11     | Noticed a manticore
  1062 | D:11     | Slain by a manticore

Vanquished Creatures
  2 ufetubi
2 creatures vanquished.

Table legend:
 A = Non-vault XP
 B = Vault XP
 C = Vault XP percentage of total XP
 D = Non-vault monster count
 E = Vault monster count
 F = Vault count percentage of total count
                 A         B        C        D         E       F
            +---------+---------+-------+---------+---------+-------
      Total |      16 |       0 |   0.0 |       2 |       0 |   0.0
            +---------+---------+-------+---------+---------+-------
        D:5 |       8 |       0 |   0.0 |       1 |       0 |   0.0
        D:6 |       8 |       0 |   0.0 |       1 |       0 |   0.0
            +---------+---------+-------+---------+---------+-------

Illustrated notes

Table legend:
 A = Kills in this place as a percentage of kills in entire the game.
 B = Kills by you in this place as a percentage of kills by you in the entire game.
 C = Kills by friends in this place as a percentage of kills by friends in the entire game.
 D = Other kills in this place as a percentage of other kills in the entire game.
 E = Experience gained in this place as a percentage of experience gained in the entire game.
 F = Experience gained in this place divided by the number of levels of this place that you have seen.
                   A       B       C       D       E      F
               +-------+-------+-------+-------+-------+----------------------
         Total | 100.0 | 100.0 |   N/A |   N/A | 100.0 |   2.7
       Dungeon | 100.0 | 100.0 |   N/A |   N/A | 100.0 |   2.7
               +-------+-------+-------+-------+-------+----------------------

Table legend: (Time is in decaauts)
 A = Elapsed time spent in this place.
 B = Non-inter-level travel time spent in this place.
 C = Inter-level travel time spent in this place.
 D = Time resting spent in this place.
 E = Time spent auto-exploring this place.
 F = Levels seen in this place.
 G = Mean time per level.
                   A        B        C        D        E       F      G
               +--------+--------+--------+--------+--------+-----+--------+
         Total |   1063 |   1044 |     19 |    275 |    668 |   6 |  177.2 |
       Dungeon |   1063 |   1044 |     19 |    275 |    668 |   6 |  177.2 |
               +--------+--------+--------+--------+--------+-----+--------+

Top non-repeatable levels by time:
    D:10: 469 daAuts
     D:6: 359 daAuts
     D:9: 197 daAuts
     D:5: 24 daAuts
     D:7: 7 daAuts
    D:11: 4 daAuts
